 Dungeon Crawl Stone Soup version 0.30.0-29-ga12c61a403 (webtiles) character file.

Game seed: 4006088050429021747

56 qw the Chopper (level 3, -2/23 HPs)
             Began as a Gargoyle Fighter on June 3, 2023.
             Slain by a gnoll
             ... wielding a +3 flail
              (6 damage)
             ... on level 2 of the Dungeon.
             The game lasted 00:00:20 (914 turns).

qw the Chopper (Gargoyle Fighter)                    Turns: 914, Time: 00:00:20

Health: -2/23      AC: 16    Str: 21    XL:     3   Next: 97%
Magic:  3/3        EV:  5    Int:  8    God:
Gold:   12         SH:  4    Dex:  9    Spells: 2/2 levels left

rFire   . . .        Y - +0 war axe
rCold   + . .        c - +0 buckler
rNeg    + . .        e - +2 plate armour {rC+}
rPois   inf          (no helmet)
rElec   +            (no cloak)
rCorr   .            (no gloves)
SInv    .            (no boots)
Will    .....        (no amulet) Stlth
                     (no ring)
HPRegen 0.23/turn    (no ring)
MPRegen 0.08/turn

%: no passive effects
@: no status effects
A: sickness immunity, AC +3, negative energy resistance 1, electricity
resistance, torment resistance 1, petrification resistance
a: no special abilities


You were on level 2 of the Dungeon.
You visited 1 branch of the dungeon, and saw 2 of its levels.

You collected 12 gold pieces.


Innate Abilities, Weirdness & Mutations

You are immune to sickness and miasma.
Your stone body is resilient. (AC +3)
You are immune to poison.
You resist negative energy. (rN+)
You are resistant to electric shocks. (rElec)
You are resistant to unholy torment.
You are immune to petrification.


   Skills:
 - Level 3.2 Fighting
 + Level 3.7 Axes
 - Level 3.2 Armour
 - Level 3.2 Shields


You had 2 spell levels left.
You didn't know any spells.
Your spell library was empty.

Inventory:

Hand Weapons
 f - a +0 whip
 Y - a +0 war axe (weapon)
Armour
 c - a +0 buckler (worn)
 e - a +2 plate armour of cold resistance (worn)
Potions
 d - a potion of might
 g - a potion of cancellation {unknown}
 h - a potion of degeneration {unknown}

Dungeon Overview and Level Annotations

Branches:
Dungeon (2/15)

Altars:


Message History

The gnoll hits you with a +3 flail. You block the gnoll's attack.
You hit the gnoll.
The gnoll is heavily wounded.
You closely miss the ball python. You hit the gnoll but do no damage.
The gnoll hits you with a +3 flail.
The ball python bites you but does no damage.
You block the ball python's attack. The gnoll hits you with a +3 flail.
The gnoll hits you but does no damage.
The ball python bites you but does no damage.
The ball python grabs you. The ball python constricts you.
You slash the ball python!
You kill the ball python!
You barely miss the gnoll. You hit the gnoll but do no damage.
A nearby plant withers and dies.
The gnoll hits you but does no damage. You block the gnoll's attack.
The gnoll hits you with a +3 flail!
The gnoll splashes around in the water.
You barely miss the gnoll.
The gnoll is heavily wounded.
You hit the gnoll but do no damage. You block the gnoll's attack.
The gnoll hits you but does no damage. x2
You hit the gnoll.
The gnoll is severely wounded.
You barely miss the gnoll.
The gnoll hits you but does no damage. x2; You block the gnoll's attack.
You hit the gnoll.
The gnoll is almost dead.
You closely miss the gnoll. You block the gnoll's attack.
The gnoll hits you with a +0 whip. You block the gnoll's attack.
You slash the gnoll!
You kill the gnoll!
You hear a splash.
You closely miss the gnoll. You slash the dart slug!
The gnoll barely misses you. The gnoll hits you with a +3 flail.
The dart slug barely misses you.
You slash the dart slug!
You kill the dart slug!
You closely miss the gnoll. The gnoll hits you with a +3 flail.
You die...

#.........##
#..........##
#.......77.P7
#.......77.77
#.......7..77 ..#
#.....777P~.7
#....###.#777 77~7777
7
#...<.#777.7.~~~~7.7.#
####......~~.@~~%~$..#
#.#.P7PP7g))PP~PP##
#.#.77777~g777777#
#.##. 77~~ ..# .# ~.7
### .# 77.~ .. ~.~ ..#
..


You could see a gnoll (fast) and a goblin.

Vanquished Creatures
  3 gnolls (D:2)
  A worm (D:2)
  2 dart slugs
  2 ball pythons
  3 endoplasms (D:1)
  4 goblins (D:1)
  2 hobgoblins
  2 jackals (D:1)
  2 frilled lizards (D:1)
  A rat (D:1)
22 creatures vanquished.

Notes
Turn   | Place    | Note
-------+----------+-------------------------------------------
     0 | D:1      | qw the Gargoyle Fighter began the quest for the Orb.
     0 | D:1      | Reached XP level 1. HP: 14/14 MP: 1/1
     0 | D:1      | 0 ||| qw: Version: 0.2-a-103-g5a998e5
     0 | D:1      | 0 ||| qw: Game counter: 982
     0 | D:1      | 0 ||| qw: Always use a shield: true
     0 | D:1      | 0 ||| qw: God list: Okawaru
     0 | D:1      | 0 ||| qw: Allow faded altars: false
     0 | D:1      | 0 ||| qw: Do Orc after D:15 true
     0 | D:1      | 0 ||| qw: Do second Lair branch before Depths: true
     0 | D:1      | 0 ||| qw: Lair rune preference: random
     0 | D:1      | 0 ||| qw: Plans: Normal, Zot:1-4, Slime:5, God:TSO, Crypt,
                  | Tomb, Pan, Hells, Abyss, Win
     0 | D:1      | 0 ||| PLANNING D:1-11
   143 | D:1      | 143 ||| Stepping ~*~*~tactically~*~*~ (hiding).
   295 | D:1      | 295 ||| Stepping ~*~*~tactically~*~*~ (stealth).
   298 | D:1      | 298 ||| Stepping ~*~*~tactically~*~*~ (stealth).
   301 | D:1      | Reached XP level 2. HP: 19/19 MP: 2/2
   827 | D:1      | 827 ||| UPGRADING to +2 plate armour of cold resistance.
   837 | D:1      | 837 ||| DROPPING +0 scale mail.
   838 | D:1      | 838 ||| READING scroll labelled BUINUS VYH.
   892 | D:2      | Reached skill level 3 in Axes
   894 | D:2      | 894 ||| Stepping ~*~*~tactically~*~*~ (water).
   899 | D:2      | Reached XP level 3. HP: 23/23 MP: 3/3
   912 | D:2      | HP: 5/23 [gnoll/+0 whip (3)]
   914 | D:2      | Slain by a gnoll

Levels and vault maps discovered:
D:1:      scummos_arrival_forest, layout_basic, minmay_misc_feat_room
D:2:      layout_rooms, serial_shops, shop_statue, serial_bayou_crossing,
          uniq_terence, uniq_jessica, uniq_natasha

Skill      XL: |  1  2 |
---------------+-------+-----
Axes           | 2 3 |  3.7
Fighting       | |  3.2
Armour         | |  3.2
Shields        | |  3.2

Action                     || total
---------------------------++-------
  Melee: War axe           ||    49
    Use: Scroll            ||     1
 Armour: Scale mail        ||    11
         Plate armour      ||    16
  Dodge: Dodged            ||    11
  Block: Buckler           ||    13

Table legend:
 A = Non-vault XP
 B = Vault XP
 C = Vault XP percentage of total XP
 D = Non-vault monster count
 E = Vault monster count
 F = Vault count percentage of total count
                 A         B        C        D         E       F
            +---------+---------+-------+---------+---------+-------
      Total |      85 |       0 |   0.0 |      22 |       0 |   0.0
            +---------+---------+-------+---------+---------+-------
        D:1 |      29 |       0 |   0.0 |      15 |       0 |   0.0
        D:2 |      56 |       0 |   0.0 |       7 |       0 |   0.0
            +---------+---------+-------+---------+---------+-------
